 Dungeon Crawl Stone Soup version 0.30-a0-272-gf98c3da03f (webtiles) character file.

Game seed: 1886946663387633420

4092 bande the Cleaver (level 10, 0/63 HPs)
             Began as a Gargoyle Fighter on Oct 16, 2022.
             Shot with an arrow by a centaur (6 damage)
             ... on level 9 of the Dungeon.
             The game lasted 00:14:05 (8166 turns).

bande the Cleaver (Gargoyle Fighter)                Turns: 8166, Time: 00:14:06

Health: 0/63       AC: 21    Str: 21    XL:     10   Next: 26%
Magic:  10/10      EV:  7    Int:  8    God:
Gold:   374        SH:  6    Dex: 19    Spells: 9/9 levels left

rFire   . . .      SeeInvis .    b - +1 broad axe (venom)
rCold   + . .      Faith    .    c - +0 buckler
rNeg    + . .      Spirit   .    q - +0 chain mail
rPois   ∞          Reflect  .    m - +0 helmet
rElec   +          Harm     .    g - +0 cloak
rCorr   .          Rampage  .    (no gloves)
Will    .....                    k - +0 pair of boots
Stlth   ..........               (no amulet)
HPRegen 0.30/turn                s - ring of protection from cold
MPRegen 0.12/turn                y - +6 ring of dexterity

@: no status effects
A: sickness immunity, AC +7, negative energy resistance 1, electricity
resistance, torment resistance 1, petrification resistance
a: no special abilities


You were on level 9 of the Dungeon.
You visited 2 branches of the dungeon, and saw 10 of its levels.

You collected 374 gold pieces.

Inventory:

Hand Weapons
 a - a +0 war axe
 b - a +1 broad axe of venom (weapon)
 p - a +2 flail of protection
 t - a +3 morningstar
Missiles
 D - a throwing net (quivered)
Armour
 c - a +0 buckler (worn)
 f - a scarf of shadows
 g - a +0 cloak (worn)
 k - a +0 pair of boots (worn)
 m - a +0 helmet (worn)
 q - a +0 chain mail (worn)
Jewellery
 h - an amulet of the acrobat
 s - a ring of protection from cold (left hand)
 y - a +6 ring of dexterity (right hand)
 F - a +4 ring of protection
Wands
 x - a wand of paralysis (9)
 H - a wand of acid (9)
Scrolls
 o - a scroll of summoning
 u - a scroll of butterflies
 v - 3 scrolls of enchant weapon
 A - 3 scrolls of amnesia
 C - 2 scrolls of identify
 E - 2 scrolls of blinking {unknown}
 G - a scroll of poison {unknown}
 I - a scroll of teleportation {unknown}
Potions
 d - 2 potions of might
 e - 5 potions of brilliance
 i - 2 potions of magic
 j - 2 potions of haste
 l - a potion of flight
 n - 2 potions of cancellation
 r - 2 potions of curing
 w - a potion of invisibility {unknown}
 z - 3 potions of attraction {unknown}
 B - 3 potions of resistance {unknown}
 J - a potion of ambrosia {unknown}


   Skills:
 + Level 7.3 Fighting
 + Level 9.9 Axes
 + Level 7.6 Armour
 + Level 5.4 Shields
 * Level 2.7 Evocations


You had 9 spell levels left.
You didn't know any spells.
Your spell library contained the following spells:

 Spells                   Type           Power      Damage    Failure   Level
 Kiss of Death            Conj/Necr      0%         2d5       99%         1
 Shock                    Conj/Air       0%         1d3       99%         1
 Slow                     Hex            0%         N/A       99%         1
 Blink                    Tloc           0%         N/A       99%         2
 Ensorcelled Hibernation  Hex/Ice        0%         N/A       99%         2
 Momentum Strike          Conj/Tloc      0%         3d8       99%         2
 Static Discharge         Conj/Air       0%         2-2/arc   99%         2
 Confusing Touch          Hex            0%         N/A       100%        3
 Gell's Gravitas          Tloc           0%         N/A       100%        3
 Hailstorm                Conj/Ice       0%         3d3       100%        3
 Ozocubu's Armour         Ice            0%         N/A       100%        3
 Teleport Other           Tloc           0%         N/A       100%        3
 Vampiric Draining        Necr           0%         2d6       100%        3
 Animate Armour           Summ/Erth      0%         N/A       100%        4
 Dispel Undead            Necr           0%         3d6       100%        4
 Summon Ice Beast         Ice/Summ       0%         N/A       100%        4
 Blade Hands              Tmut           0%         N/A       100%        5
 Freezing Cloud           Conj/Ice/Air   0%         6-21      100%        5
 Lightning Bolt           Conj/Air       0%         1d11      100%        5
 Metabolic Englaciation   Hex/Ice        0%         N/A       100%        5
 Dispersal                Tloc           0%         N/A       100%        6
 Iron Shot                Conj/Erth      0%         9d1       100%        6
 Simulacrum               Ice/Necr       0%         N/A       100%        6


Dungeon Overview and Level Annotations

Branches:
Dungeon (9/15)             Temple (1/1) D:6
   Lair: D:8-11         Orc: D:9-12

Altars:
Ashenzari
Cheibriados
Dithmenos
Elyvilon
Fedhas
Hepliaklqana
Kikubaaqudgha
Makhleb
Nemelex Xobeh
Qazlal
Ru
Trog
Vehumet
Wu Jian
Xom
Yredelemnul
Zin
The Shining One

Shops:
D:3 ?   D:5 :


Innate Abilities, Weirdness & Mutations

You are immune to sickness and miasma.
Your stone body is resilient. (AC +7)
You are immune to poison.
You resist negative energy. (rN+)
You are resistant to electric shocks. (rElec)
You are resistant to unholy torment.
You are immune to petrification.


Message History

The killer bee stings you but does no damage.
The bullfrog hits you but does no damage.
The centaur shoots an arrow.
The arrow hits you! You block the killer bee's attack.
You hit the bullfrog.
The bullfrog is poisoned.
The bullfrog is heavily wounded.
You closely miss the killer bee. You block the killer bee's attack.
The centaur shoots an arrow.
The arrow hits you.
* * * LOW HITPOINT WARNING * * *
The bullfrog hits you but does no damage.
The killer bee stings you.
* * * LOW HITPOINT WARNING * * *
The centaur shoots an arrow.
The arrow barely misses you.
The bullfrog hits you but does no damage.
You slash the bullfrog!
You kill the bullfrog!
You hit the killer bee but do no damage.
The killer bee is poisoned.
The killer bee barely misses you.
The centaur shoots an arrow.
The arrow hits you but does no damage. The killer bee barely misses you.
The killer bee completely misses you.
The centaur shoots an arrow.
The arrow hits you!
* * * LOW HITPOINT WARNING * * *
Unknown command.
Unknown command.
You feel better.
The killer bee stings you but does no damage.
The centaur shoots an arrow.
The arrow hits you!
* * * LOW HITPOINT WARNING * * *
A howler monkey comes into view.
The killer bee barely misses you.
The centaur shoots an arrow.
The arrow hits you but does no damage.
You feel better.
The howler monkey howls!
The killer bee stings you.
* * * LOW HITPOINT WARNING * * *
You block the killer bee's attack.
The centaur shoots an arrow.
The arrow closely misses you.
The centaur shoots an arrow.
The arrow hits you.
You die...

..#...# ......
..h.# #...#
#...######
#.†.......
#†<...../#
#y......##
#@......#
#.........#
#c..........
#............
..........##..
....#####...##.
##... #...#
#... #...


You could see a centaur, a howler monkey and a killer bee (poisoned).

Vanquished Creatures
  Prince Ribbit (D:5)
  2 steam dragons
  Duvessa (D:4)
  2 orc warriors
  A black bear (D:4)
  A sky beast (D:7)
  An ice beast (D:5)
  A centaur (D:5)
  An ogre (D:5)
  A kobold brigand (D:8)
  A phantom (D:5)
  A bullfrog (D:9)
  5 scorpions
  2 necrophages
  14 wights
  Dowan (D:4)
  11 killer bees
  A howler monkey (D:6)
  Crazy Yiuf (D:7)
  4 orc priests
  3 gnoll boudas
  2 hounds
  Natasha (thrice) (D:4)
  7 orc wizards
  2 iguanas
  Robin (D:4)
  11 gnolls
  10 adders
  2 ufetubi (D:5)
  A worm (D:4)
  7 dart slugs
  26 orcs
  8 endoplasms
  4 giant cockroaches
  9 hobgoblins
  8 jackals
  5 quokkas
  7 ball pythons
  3 bats
  4 frilled lizards
  12 goblins
  14 kobolds
  4 rats
206 creatures vanquished.

Notes
Turn   | Place    | Note
-------+----------+-------------------------------------------
     0 | D:1      | bande the Gargoyle Fighter began the quest for the Orb.
     0 | D:1      | Reached XP level 1. HP: 14/14 MP: 1/1
    86 | D:1      | Reached XP level 2. HP: 20/20 MP: 2/2
   342 | D:1      | Reached skill level 2 in Axes
   413 | D:1      | Got the Meditations on Unstable Frostbite
   419 | D:1      | Reached XP level 3. HP: 24/24 MP: 3/3
   763 | D:2      | Found a radiant altar of Vehumet.
  1464 | D:3      | Found Sophotoa's Magic Scroll Emporium.
  1470 | D:3      | Noticed a scorpion
  1478 | D:3      | Killed a scorpion
  1479 | D:3      | Reached XP level 4. HP: 22/29 MP: 4/4
  1541 | D:3      | Reached skill level 3 in Axes
  1582 | D:3      | Reached XP level 5. HP: 33/33 MP: 5/5
  2301 | D:4      | Noticed Natasha
  2307 | D:4      | Killed Natasha
  2317 | D:4      | Identified the +1 ring mail "Borasid" {Str-2 Int+7}
  2380 | D:4      | Noticed a black bear
  2397 | D:4      | Killed a black bear
  2398 | D:4      | Reached skill level 4 in Axes
  2398 | D:4      | Reached XP level 6. HP: 17/39 MP: 6/6
  2727 | D:4      | Noticed Duvessa
  2728 | D:4      | Noticed Dowan
  2736 | D:4      | Killed Duvessa
  2736 | D:4      | Killed Dowan
  2737 | D:4      | Reached skill level 5 in Armour
  2944 | D:4      | Noticed Natasha
  2953 | D:4      | Killed Natasha
  2954 | D:4      | Reached XP level 7. HP: 42/44 MP: 7/7
  3223 | D:4      | Noticed Natasha
  3248 | D:4      | Killed Natasha
  3398 | D:4      | Noticed Robin
  3405 | D:4      | Killed Robin
  3527 | D:4      | Reached skill level 5 in Axes
  4132 | D:5      | Entered Level 5 of the Dungeon
  4139 | D:5      | Reached skill level 5 in Fighting
  4175 | D:5      | Found Hasyuqau's Self-Improvement Boutique.
  4263 | D:5      | Noticed Prince Ribbit
  4281 | D:5      | Killed Prince Ribbit
  4282 | D:5      | Reached skill level 6 in Axes
  4282 | D:5      | Reached XP level 8. HP: 20/50 MP: 8/8
  4920 | D:5      | Reached skill level 7 in Axes
  5109 | D:6      | Reached XP level 9. HP: 55/55 MP: 9/9
  5141 | D:6      | Reached skill level 8 in Axes
  5159 | D:6      | Reached skill level 5 in Shields
  5331 | D:6      | Found a staircase to the Ecumenical Temple.
  5339 | Temple   | Entered the Ecumenical Temple
  5596 | D:6      | Identified the +4 dagger of Gozag's Brutal Revenge {vorpal,
                  | Int+9}
  6403 | D:7      | Reached skill level 9 in Axes
  6405 | D:7      | Reached skill level 1 in Evocations
  6740 | D:7      | Found a runed translucent door.
  6741 | D:7      | Noticed Crazy Yiuf
  7102 | D:7      | Paralysed by Crazy Yiuf for 5 turns
  7107 | D:7      | Killed Crazy Yiuf
  7200 | D:8      | Reached XP level 10. HP: 41/63 MP: 10/10
  7857 | D:8      | Got the Codex of the Nimbus and Snow
  8166 | D:9      | Shot with an arrow by a centaur

Illustrated notes

Levels and vault maps discovered:
D:1:      minmay_arrival_diagonal_passages, layout_loops_ring
D:2:      layout_loops_cross, basic_altar
D:3:      layout_loops_ring, serial_shops,
          nicolae_shop_temple_entry_statues_fountains, minmay_strange_pillars
D:4:      layout_basic, hangedman_minor_gate_pass, uniq_robin, uniq_natasha,
          uniq_duvessa
D:5:      minmay_clustersquares, layout_cave_pools, kennysheep_nondescript,
          nicolae_shop_self_help, uniq_prince_ribbit1
D:6:      layout_basic, minmay_temple_entry_grid, hangedman_decor_growths
D:7:      layout_basic, serial_glass, glass_columns_b, glass_columns_a,
          due_unseen_surprise, item_on_display_a, uniq_crazy_yiuf_cottage
D:8:      layout_basic, hangedman_decor_points, supply_closet_lemuel,
          nicolae_two_hexagons
D:9:      layout_layer_cave, okawaru_altar_gauntlet_db,
          mainiacjoe_overflow_surrounded_room, orc_0_dummy, enter_bailey_5
Temple:   eino_narrow_crystal_temple

Skill      XL: |  1  2  3  4  5  6  7  8  9 |
---------------+----------------------------+-----
Axes           | 2 3 4 6 7 9 |  9.9
Fighting       | 4 5 6 7 |  7.3
Armour         | 4 5 6 7 |  7.6
Shields        | 4 5 |  5.4
Evocations     | 2 |  2.7

Action                   |  1- 3 |  4- 6 |  7- 9 | 10-12 || total
-------------------------+-------+-------+-------+-------++-------
Melee: War axe           |    89 |    72 |       |       ||   161
       Broad axe         |       |    41 |   370 |    54 ||   465
  Use: Scroll            |       |     6 |    10 |       ||    16
       Potion            |       |       |       |     4 ||     4
Armor: Scale mail        |    49 |    26 |       |       ||    75
       Chain mail        |       |    66 |   278 |    75 ||   419
Dodge: Dodged            |    42 |    63 |   158 |    44 ||   307
Block: Buckler           |    15 |    32 |    94 |    23 ||   164

Table legend: (Time is in decaauts)
 A = Elapsed time spent in this place.
 B = Non-inter-level travel time spent in this place.
 C = Inter-level travel time spent in this place.
 D = Time resting spent in this place.
 E = Time spent auto-exploring this place.
 F = Levels seen in this place.
 G = Mean time per level.
                   A        B        C        D        E       F      G
               +--------+--------+--------+--------+--------+-----+--------+
         Total |   8380 |   8072 |    308 |   1422 |   5008 |  10 |  838.0 |
       Dungeon |   8192 |   7891 |    301 |   1422 |   4846 |   9 |  910.2 |
        Temple |    187 |    180 |      7 |      0 |    162 |   1 |  187.0 |
               +--------+--------+--------+--------+--------+-----+--------+

Top non-repeatable levels by time:
     D:4: 1908 daAuts
     D:7: 1412 daAuts
     D:8: 982 daAuts
     D:5: 894 daAuts
     D:3: 863 daAuts
     D:2: 756 daAuts
     D:1: 737 daAuts
     D:6: 619 daAuts
  Temple: 187 daAuts
     D:9: 19 daAuts
